 Dungeon Crawl Stone Soup version 0.31-a0-154-g56bf346678 (webtiles) character file.

Game seed: 1168918223258880689

14 Serulin the Shield-Bearer (level 2, 19/19 HPs)
             Began as a Gargoyle Fighter on June 12, 2023.
             Was a Follower of Elyvilon.
             Quit the game on level 1 of the Dungeon.
             The game lasted 00:01:46 (161 turns).

Serulin the Shield-Bearer (Gargoyle Fighter)         Turns: 161, Time: 00:01:47

Health: 19/19      AC:  9    Str: 19    XL:     2   Next: 45%
Magic:  2/2        EV:  9    Int:  8    God:    Elyvilon [*.....]
Gold:   0          SH:  4    Dex:  9    Spells: 1/1 levels left

rFire   . . .        a - +0 flail
rCold   . . .        c - +0 buckler
rNeg    + . .        b - +0 scale mail
rPois   ∞            (no helmet)
rElec   +            (no cloak)
rCorr   .            (no gloves)
SInv    .            (no boots)
Will    .....        (no amulet) Stlth
                     (no ring)
HPRegen 0.23/turn    (no ring)
MPRegen 0.08/turn

%: no passive effects
@: no status effects
A: sickness immunity, AC +2, negative energy resistance 1, electricity
resistance, torment resistance 1, petrification resistance
a: Renounce Religion, Purification


You were on level 1 of the Dungeon.
You worshipped Elyvilon.
Elyvilon was aware of your devotion.
You visited 1 branch of the dungeon, and saw 1 of its levels.

Inventory:

Hand Weapons
 a - a +0 flail (weapon)
Armour
 b - a +0 scale mail (worn)
 c - a +0 buckler (worn)
Scrolls
 e - a scroll of poison {unknown}
Potions
 d - a potion of might


   Skills:
 + Level 3.5 Fighting
 + Level 2.2 Maces & Flails
 + Level 3.5 Armour
 + Level 3.5 Shields


You had one spell level left.
You didn't know any spells.
Your spell library was empty.

Dungeon Overview and Level Annotations

Branches:
Dungeon (1/15)

Altars:
Elyvilon


Innate Abilities, Weirdness & Mutations

You are immune to sickness and miasma.
Your stone body is resilient. (AC +2)
You are immune to poison.
You resist negative energy. (rN+)
You are resistant to electric shocks. (rElec)
You are resistant to unholy torment.
You are immune to petrification.


Message History

You kill the endoplasm!
You have reached level 2!
e - a scroll labelled EKAOLU ZIBERI
Found a faded altar of an unknown god.
There is a faded altar of an unknown god here.
This altar belongs to (a) Elyvilon, (b) Yredelemnul or (c) Uskayaw, but you can't tell which.
Press the corresponding letter to learn more about a god, or press enter to convert or escape to cancel.
Okay, then.
An endoplasm comes into view.
The endoplasm quivers.
You block the endoplasm's attack.
You thump the endoplasm!
You kill the endoplasm!
No target in view!
A dart slug comes into view.
A dart slug comes into view.
A goblin comes into view. It is wielding a +0 dagger.
The goblin shouts!
You sock the dart slug!
You kill the dart slug!
You see here a dart slug corpse.
You sock the dart slug!
You kill the dart slug!
You hit the goblin.
The goblin is severely wounded.
The goblin closely misses you.
You sock the goblin!
You kill the goblin!
No target in view!
There is a faded altar of an unknown god here.
This altar belongs to (a) Elyvilon, (b) Yredelemnul or (c) Uskayaw, but you can't tell which.
Press the corresponding letter to learn more about a god, or press enter to convert or escape to cancel.
Elyvilon accepts your prayer! Elyvilon welcomes you!
You can now purify yourself.
Unknown command.
Press < or > to pray at altars.
Unknown command.
Press < or > to pray at altars.
Unknown command.
Okay, then.
Are you sure you want to abandon this character and quit the game? (Confirm with "yes".)

##########....#
........##....#
#...........#.#
..#####.##.##.#
.######.####.##
........# ##.##
........# ##.#
......)†# ##_## #..
.......†# #@## #.#
#######.# ##.## #.# #.#
##.# #.# #.# #.## #.#
###### #.# ##.# #.#
###.....
#.####..####.###.......
#................#.....
############.####......
...............


There were no monsters in sight!

Vanquished Creatures
  3 dart slugs (D:1)
  3 endoplasms (D:1)
  A hobgoblin (D:1)
  A goblin (D:1)
8 creatures vanquished.

Notes
Turn   | Place    | Note
-------+----------+-------------------------------------------
     0 | D:1      | Serulin the Gargoyle Fighter began the quest for the Orb.
     0 | D:1      | Reached XP level 1. HP: 14/14 MP: 1/1
    81 | D:1      | Reached XP level 2. HP: 15/19 MP: 2/2
   115 | D:1      | Found a faded altar of an unknown god.
   159 | D:1      | Prayed at the altar of an unknown god.
   159 | D:1      | Became a worshipper of Elyvilon the Healer
   159 | D:1      | Reached * piety under Elyvilon
   161 | D:1      | Quit the game

Illustrated notes

Levels and vault maps discovered:
D:1:      sevenhm_arrival_forest_fort_small_1, layout_basic,
          chequers_ecumenical_altar_twisty

Action                     || total
---------------------------++-------
  Melee: Flail             ||    14
 Armour: Scale mail        ||     3
  Dodge: Dodged            ||     4
  Block: Buckler           ||     1

Table legend: (Time is in decaauts)
 A = Elapsed time spent in this place.
 B = Non-inter-level travel time spent in this place.
 C = Inter-level travel time spent in this place.
 D = Time resting spent in this place.
 E = Time spent auto-exploring this place.
 F = Levels seen in this place.
 G = Mean time per level.
                   A        B        C        D        E       F      G
               +--------+--------+--------+--------+--------+-----+--------+
         Total |    166 |    166 |      0 |      0 |    102 |   1 |  166.0 |
       Dungeon |    166 |    166 |      0 |      0 |    102 |   1 |  166.0 |
               +--------+--------+--------+--------+--------+-----+--------+

Top non-repeatable levels by time:
     D:1: 166 daAuts
